 Dungeon Crawl Stone Soup version 0.21-a0-270-g8204059 (webtiles) character file.

16 Jeffwins the Sneak (level 2, -1/17 HPs)
             Began as an Octopode Enchanter on Sept 14, 2017.
             Slain by an ooze (5 damage)
             ... on level 1 of the Dungeon.
             The game lasted 00:00:35 (639 turns).

Jeffwins the Sneak (Octopode Enchanter)              Turns: 639, Time: 00:00:36

Health: -1/17      AC:  1    Str:  7    XL:     2   Next: 54%
Magic:  5/5        EV: 13    Int: 17    God:
Gold:   23         SH:  0    Dex: 12    Spells: 4/5 levels left

rFire    . . .     SeeInvis .   a - +1 dagger
rCold    . . .     Gourm    .   (no shield)
rNeg     . . .     Faith    .   (helmet restricted)
rPois    .         Spirit   .   (no amulet)
rElec    .         Reflect  .   (no ring)
rCorr    .         Harm     .   (no ring)
MR       .....                  (no ring)
Stlth    ++++......             (no ring)
HPRegen  0.05/turn              (no ring)
MPRegen  0.09/turn              (no ring)
                                (no ring)
                                (no ring)

@: no status effects
A: almost no armour, stealthy swim, amphibious, 8 rings, constrict 8, camouflage
1, gelatinous body 1
a: no special abilities


You were on level 1 of the Dungeon.
You were not hungry.

You visited 1 branch of the dungeon, and saw 1 of its levels.

You collected 23 gold pieces.

Inventory:

Hand Weapons
 a - a +1 dagger (weapon)
Scrolls
 e - a scroll of fog {unknown}
Potions
 d - 2 potions of agility {unknown}
Books
 b - a book of Maledictions

   Spells                             Type                      Level
   a - Corona                         Hexes                        1
   b - Ensorcelled Hibernation        Hexes/Ice                    2
   c - Confuse                        Hexes                        3
   d - Tukima's Dance                 Hexes                        3
   e - Dazzling Spray                 Conjuration/Hexes            3
Comestibles
 c - a bread ration
 f - a meat ration


   Skills:
 * Level 1.7 Short Blades
 - Level 2.0 Dodging
 + Level 4.3 Stealth
 - Level 2.0 Spellcasting
 * Level 3.3 Hexes


You had 4 spell levels left.
You knew the following spells:

 Your Spells              Type           Power        Failure   Level  Hunger
a - Corona                Hex            ##.....      4%          1    #......


Dungeon Overview and Level Annotations

Branches:
Dungeon (1/15)

Altars:


Innate Abilities, Weirdness & Mutations

You cannot wear most types of armour.
You are very stealthy in the water. (Stealth+)
You are amphibious.
You can wear up to eight rings at the same time.
You can use your tentacles to constrict eight enemies at once.
Your skin changes colour to match your surroundings (Stealth+).
Your rubbery body absorbs attacks. (AC +1, EV +1)


Message History

You hit the giant cockroach.
The giant cockroach is severely wounded.
You constrict the giant cockroach.
You kill the giant cockroach!
The leopard gecko closely misses you.
You hit the ooze.
The ooze is lightly wounded.
The leopard gecko bites you. The ooze misses you.
You hit the ooze.
The ooze is moderately wounded.
The leopard gecko barely misses you. The ooze closely misses you.
You hit the ooze.
The ooze is moderately wounded.
The leopard gecko bites you.
* * * LOW HITPOINT WARNING * * *
The ooze hits you but does no damage.
You hit the ooze.
The ooze is heavily wounded.
The leopard gecko misses you. The ooze hits you.
You die...

#...#......###.###.#.#
#.S.#..#........##.#^##
#..s.....#.#.#.###....#####
#...#..#.#.#.#.# #........#
#...#.)#.#...#.# #....###.#
#...#..#.....#.####...###.#
#.......g...............#.#
...#......###J###.####.#.#.#
...#....#.Sl@..........#.#.#
....#....#.###..#..##.....#.#.
.....?... .................
g.#....#.## ..#.......######
.......#.. ................
......#.# #.##.##.#.####.#
.... #.# #.##.##.#... . ...
#.# ##.#.....#.##...
.................


You could see an ooze, a leopard gecko and a ball python.

Vanquished Creatures
  A giant cockroach (D:1)
  3 goblins (D:1)
  4 hobgoblins (D:1)
  A ball python (D:1)
  3 kobolds (D:1)
  3 rats (D:1)
15 creatures vanquished.

Vanquished Creatures (others)
  4 toadstools (D:1)
4 creatures vanquished.

Grand Total: 19 creatures vanquished

Notes
Turn   | Place    | Note
-------+----------+-------------------------------------------
     0 | D:1      | Jeffwins the Octopode Enchanter began the quest for the Orb.
     0 | D:1      | Reached XP level 1. HP: 11/11 MP: 3/3
   369 | D:1      | Reached XP level 2. HP: 12/17 MP: 5/5
   639 | D:1      | Slain by an ooze

Vault maps used:
D:1:      ldierk_walled_garden_2, st_stairs_7

Action                   || total
-------------------------++-------
Melee: Dagger            ||    47
       Constrict         ||    10
       Tentacles         ||     5
 Stab: Sleeping          ||     4
Armor: Skin              ||     3
Dodge: Dodged            ||    34

Table legend:
 A = Spawn XP
 B = Non-spawn XP
 C = Spawn XP percentage of total XP
 D = Spawn monster count
 E = Non-spawn monster count
 F = Spawn count percentage of total count
 G = Total turns spent on level
                    A         B        C        D         E        F      G
               +---------+---------+-------+---------+---------+-------+---------
         Total |       0 |      23 |   0.0 |       0 |      15 |   0.0 |   639
               +---------+---------+-------+---------+---------+-------+---------
           D:1 |       0 |      23 |   0.0 |       0 |      15 |   0.0 |   639
               +---------+---------+-------+---------+---------+-------+---------
